 Dungeon Crawl Stone Soup version 0.23-a0-183-gf37f6fb (webtiles) character file.

1651 namelastname112 the Sneak (level 8, -8/67 HPs)
             Began as a Pale Draconian Assassin on Sept 21, 2018.
             Mangled by a four-headed hydra (11 damage)
             ... on level 6 of the Dungeon.
             The game lasted 00:11:20 (6183 turns).

namelastname112 the Sneak (Pale Draconian Assassin) Turns: 6183, Time: 00:11:20

Health: -8/67      AC:  8    Str: 13    XL:     8   Next: 68%
Magic:  9/9        EV: 13    Int: 13    God:
Gold:   213        SH:  4    Dex: 14    Spells: 7/9 levels left

rFire    . . .     SeeInvis .   a - +3 dagger (venom)
rCold    . . .     Gourm    .   v - +0 buckler
rNeg     . . .     Faith    .   (armour unavailable)
rPois    .         Spirit   .   (helmet restricted)
rElec    .         Reflect  .   c - +1 cloak
rCorr    .         Harm     .   (no gloves)
MR       .....                  (no boots)
Stlth    +++.......             (no amulet)
HPRegen  0.21/turn              B - ring of wizardry
MPRegen  0.11/turn              (no ring)

@: no status effects
A: breathe steam, unfitting armour, cold-blooded, AC +6
a: Breathe Steam


You were on level 6 of the Dungeon.
You were not hungry.

You visited 1 branch of the dungeon, and saw 6 of its levels.
You also visited: Ossuary.

You collected 213 gold pieces.

Inventory:

Hand Weapons
 a - a +3 dagger of venom (weapon)
 b - a +0 blowgun
 n - a +2 dagger
Missiles
 d - 71 poisoned needles
 e - 2 curare-tipped needles
 k - 5 needles of paralysis
 l - 7 needles of sleeping
Armour
 c - a +1 cloak (worn)
 v - a +0 buckler (worn)
Jewellery
 B - a ring of wizardry (left hand)
Scrolls
 q - a scroll of enchant weapon
 s - a scroll of remove curse
 u - a scroll of enchant armour
 y - 3 scrolls of teleportation
Potions
 g - a potion of curing
 h - 2 potions of berserk rage {unknown}
 i - 5 potions of heal wounds {unknown}
 j - a potion of mutation {unknown}
 m - 2 potions of agility {unknown}
 o - a potion of resistance {unknown}
 p - 7 potions of lignification
 w - a potion of might {unknown}
 x - a potion of brilliance {unknown}
 z - a potion of flight {unknown}
 D - 2 potions of haste {unknown}
 E - a potion of ambrosia {unknown}
 G - a potion of invisibility
Comestibles
 f - 6 rations


   Skills:
 + Level 4.9 Fighting
 + Level 5.9 Short Blades
 + Level 4.0 Throwing
 + Level 3.6 Dodging
 + Level 6.6 Stealth
 + Level 2.0 Shields
 + Level 1.0 Spellcasting
 + Level 0.9 Hexes


You had 7 spell levels left.
You knew the following spells:

 Your Spells              Type           Power        Failure   Level  Hunger
z - Ensorcelled Hibernat  Hex/Ice        #.....       17%         2    ###....

Your spell library contained the following spells:

 Spells                   Type           Power        Failure   Level  Hunger
 Corona                   Hex            #......      10%         1    ##.....
 Infusion                 Chrm           #...         14%         1    ##.....
 Shroud of Golubria       Chrm/Tloc      #.........   21%         2    ###....
 Song of Slaying          Chrm           #.......     21%         2    ###....
 Confuse                  Hex            #.......     28%         3    ####...
 Tukima's Dance           Hex            #.......     28%         3    ####...
 Dazzling Spray           Conj/Hex       #.....       32%         3    ####...
 Spectral Weapon          Hex/Chrm       #.......     32%         3    ####...
 Regeneration             Chrm/Necr      #.........   38%         3    ####...


Dungeon Overview and Level Annotations

Branches:
Dungeon (6/15)
 Temple: D:4-7

Altars:
Ashenzari
Gozag
Hepliaklqana
Kikubaaqudgha
Qazlal
Ru
Vehumet

Shops:
D:5 =


Innate Abilities, Weirdness & Mutations

You can breathe blasts of scalding, opaque steam.
Your pale cyan-grey scales are hard. (AC +6)
You cannot fit into any form of body armour.
You are cold-blooded and may be slowed by cold attacks.


Message History

The ball of steam hits the four-headed hydra.
The four-headed hydra is heavily wounded.
You feel somewhat more hungry.
The four-headed hydra is engulfed in a cloud of scalding steam.
The four-headed hydra bites you. The four-headed hydra bites you! x2
* * * LOW HITPOINT WARNING * * *
The four-headed hydra bites you!
* * * LOW HITPOINT WARNING * * *
You take 33 damage, and have 12/67 hp.
MASSIVE DAMAGE!!
The four-headed hydra is engulfed in a cloud of scalding steam.
The orc priest invokes the aid of Beogh against you.
Beogh smites you!
* * * LOW HITPOINT WARNING * * *
You take 11 damage, and have 2/67 hp.
You have got your breath back.
Okay, then.
Okay, then.
The orc priest begins to cast a cantrip, but forgets the words!
The four-headed hydra bites you!
You die...

......##.#......#.#########.#
......##.#......#...........#
..._..##.#......#############
......##.#......#################
#####.##.##..##..................
#####.##o###.####################
.......#.# #>....................
...#####.########################
...'...#....o..D@..# #
...###.###########.# # ....)#.#
#.# # ####.#.# #.# # # #.#.# #.#
# ####.#.# #.# # .....#.# #.# #
######.# #.# # .....#.# #.#
########


You could see a four-headed hydra and an orc priest.

Vanquished Creatures
  Eustachio (D:4)
  2 black bears
  An ogre (D:4)
  A centaur (D:5)
  A bullfrog (D:6)
  3 water moccasin zombies (Ossuary)
  A scorpion (D:6)
  2 howler monkeys
  A quasit (D:6)
  4 orc priests
  Crazy Yiuf (D:2)
  2 hounds (D:4)
  4 orc wizards
  A worker ant (D:3)
  4 big kobold zombies (Ossuary)
  A hound skeleton (D:5)
  3 mummies
  3 gnolls (D:2)
  12 adders
  A shadow imp (D:6)
  4 oozes
  5 adder zombies (Ossuary)
  An adder skeleton (D:4)
  3 worms
  3 dart slugs
  2 leopard geckos
  21 orcs
  A ball python (D:3)
  6 giant cockroaches
  3 goblins
  13 hobgoblins
  8 jackals
  2 quokkas
  7 bats
  7 frilled lizards
  2 gnoll zombies (Ossuary)
  5 hobgoblin zombies (Ossuary)
  6 kobolds
  6 kobold zombies (Ossuary)
  5 orc zombies (Ossuary)
  A quokka skeleton (D:4)
  11 rats
171 creatures vanquished.

Vanquished Creatures (others)
  An adder (D:2)
  A hobgoblin (D:2)
2 creatures vanquished.

Grand Total: 173 creatures vanquished

Notes
Turn   | Place    | Note
-------+----------+-------------------------------------------
     0 | D:1      | namelastname112 the Draconian Assassin began the quest for
                  | the Orb.
     0 | D:1      | Reached XP level 1. HP: 17/17 MP: 1/1
    82 | D:1      | Found a shattered altar of Ashenzari.
   142 | D:1      | Reached skill level 1 in Dodging
   202 | D:1      | Reached XP level 2. HP: 25/25 MP: 2/2
  1066 | D:2      | Reached XP level 3. HP: 30/30 MP: 3/3
  1075 | D:2      | Reached skill level 4 in Stealth
  1257 | D:2      | Found a radiant altar of Vehumet.
  1325 | D:2      | Reached XP level 4. HP: 29/37 MP: 4/4
  1554 | D:2      | Found a runed door.
  1976 | D:2      | Noticed Crazy Yiuf
  1983 | D:2      | Killed Crazy Yiuf
  1983 | D:2      | Reached XP level 5. HP: 45/45 MP: 5/5
  2086 | D:3      | Noticed a black bear
  2098 | D:3      | Killed a black bear
  2113 | D:3      | Reached XP level 6. HP: 41/51 MP: 6/6
  2116 | D:3      | Found a sacrificial altar of Ru.
  2228 | D:3      | Found a hazy altar of Hepliaklqana.
  2415 | D:3      | Found a faded altar of an unknown god.
  3025 | D:4      | Reached skill level 5 in Stealth
  3183 | D:4      | Noticed Eustachio
  3467 | D:4      | Your scales start taking on a pale cyan-grey colour.
  3467 | D:4      | Reached XP level 7. HP: 36/58 MP: 7/7
  3491 | D:4      | Killed Eustachio
  3705 | D:4      | Reached skill level 5 in Short Blades
  4216 | D:5      | Entered Level 5 of the Dungeon
  4323 | D:5      | Found a sand-covered staircase.
  4344 | Ossuary  | Entered an ossuary
  4501 | Ossuary  | Reached skill level 6 in Stealth
  4545 | Ossuary  | Reached XP level 8. HP: 55/67 MP: 8/8
  4620 | Ossuary  | Reached skill level 1 in Shields
  5094 | D:5      | Found an opulent altar of Gozag.
  5141 | D:5      | Found Cazing's Jewellery Shop.
  5272 | D:5      | Found an ancient bone altar of Kikubaaqudgha.
  5355 | D:6      | Learned a level 2 spell: Ensorcelled Hibernation
  5363 | D:6      | Found a stormy altar of Qazlal.
  5876 | D:6      | Reached skill level 1 in Spellcasting
  5920 | D:6      | Noticed a four-headed hydra
  6176 | D:6      | HP: 2/67 [orc priest/divine providence (11)]
  6183 | D:6      | Mangled by a four-headed hydra

Vault maps used:
D:1:      nzn_arrival_crosshair, evilmike_ruin_ashenzari
D:2:      fiery_altar_vehumet, first_ration, serial_forest,
          infiniplex_forest_lined_3, infiniplex_forest_straight_5,
          infiniplex_forest_straight_3, infiniplex_forest_lined_room_2,
          infiniplex_forest_clump_small, infiniplex_forest_straight_4,
          infiniplex_forest_straight_2, uniq_crazy_yiuf_cottage
D:3:      old_standard_altar, lemuel_coloured_pillars_altar,
          chequers_ecumenical_altar_simple_redux
D:4:      sigmund_army, uniq_eustachio
D:5:      kennysheep_little_box, serial_shops, nicolae_shop_statue_plus,
          basic_altar, gup_ossuary_entry_pyramid
D:6:      black_bear_nest_1, overflow_temple_1_default
Ossuary:  ossuary_tomb_2

Skill      XL: |  1  2  3  4  5  6  7  8 |
---------------+-------------------------+-----
Dodging        | 1 2 3 |  3.6
Throwing       | 2 3 4 |  4.0
Stealth        | 4 5 6 |  6.6
Short Blades   | 3 4 5 |  5.9
Fighting       | 3 4 |  4.9
Shields        | 2 |  2.0
Spellcasting   | 1 |  1.0
Hexes          | |  0.9

Action                   |  1- 3 |  4- 6 |  7- 9 || total
-------------------------+-------+-------+-------++-------
Melee: Dagger            |    52 |    55 |   400 ||   507
       Tailslap          |     8 |    27 |    60 ||    95
       Short sword       |    44 |   193 |       ||   237
 Fire: Blowgun           |     6 |    24 |       ||    30
 Abil: Breathe Steam     |       |       |     5 ||     5
  Use: Scroll            |       |     9 |     8 ||    17
 Stab: Sleeping          |     4 |     8 |     7 ||    19
       Paralysed         |       |     2 |       ||     2
       Distracted        |       |       |     1 ||     1
  Eat: Chunk             |     1 |     5 |     6 ||    12
       Ration            |       |     1 |     1 ||     2
Armor: Skin              |    30 |    62 |   108 ||   200
Dodge: Dodged            |    47 |   130 |   145 ||   322
Block: Buckler           |       |       |    34 ||    34

Table legend:
 A = Non-vault XP
 B = Vault XP
 C = Vault XP percentage of total XP
 D = Non-vault monster count
 E = Vault monster count
 F = Vault count percentage of total count
                 A         B        C        D         E       F
            +---------+---------+-------+---------+---------+-------
      Total |    1679 |     680 |  28.8 |     132 |      39 |  22.8
            +---------+---------+-------+---------+---------+-------
        D:1 |      31 |       0 |   0.0 |      14 |       0 |   0.0
        D:2 |     151 |      40 |  20.9 |      31 |       1 |   3.1
        D:3 |     277 |       0 |   0.0 |      31 |       0 |   0.0
        D:4 |     523 |     205 |  28.2 |      24 |       5 |  17.2
        D:5 |     234 |       6 |   2.5 |      19 |       1 |   5.0
        D:6 |     463 |       0 |   0.0 |      13 |       0 |   0.0
    Ossuary |       0 |     429 | 100.0 |       0 |      32 | 100.0
            +---------+---------+-------+---------+---------+-------
